 Dungeon Crawl Stone Soup version 0.31.0-9-g3a7656b989 (webtiles) character file.

Game seed: 2521259934204771843

156 stipulation the Vexing (level 5, -4/39 HPs)
             Began as an Armataur Hexslinger on Jan 25, 2024.
             Slain by a sleepcap (6 damage)
             ... on level 4 of the Dungeon.
             The game lasted 00:04:55 (2206 turns).

stipulation the Vexing (Armataur Hexslinger)        Turns: 2206, Time: 00:04:56

Health: -4/39      AC:  4    Str: 15    XL:     5   Next: 14%
Magic:  9/9        EV:  9    Int: 14    God:
Gold:   126        SH:  0    Dex: 12    Spells: 8/10 levels left

rFire   . . .        a - +1 sling
rCold   . . .        (no shield)
rNeg    . . .        c - +0 robe
rPois   .            (no helmet)
rElec   .            (no cloak)
rCorr   .            (no gloves)
SInv    .            (no barding)
Will    .....        (no amulet)
Stlth   +            (no ring)
HPRegen 0.26/turn    (no ring)
MPRegen 0.11/turn

%: roll
@: no status effects
A: large, deformed body, tough skin 3, armoured tail, roll 1
a: no special abilities


You were on level 4 of the Dungeon.
You visited 1 branch of the dungeon, and saw 4 of its levels.

You collected 126 gold pieces.

Inventory:

Hand Weapons
 a - a +1 sling (weapon)
Armour
 c - a +0 robe (worn)
Jewellery
 e - an amulet of reflection
Wands
 i - a wand of acid (6)
Scrolls
 b - a scroll of poison
 d - 2 scrolls of enchant weapon {unknown}
 g - 5 scrolls of revelation {unknown}
 j - 2 scrolls of immolation {unknown}
 k - a scroll of noise {unknown}
 l - 5 scrolls of identify {unknown}
 m - a scroll of butterflies {unknown}
 n - a scroll of brand weapon {unknown}
 p - a scroll of silence {unknown}
 t - a scroll of blinking {unknown}
Potions
 f - a potion of haste {unknown}
 h - a potion of resistance {unknown}
 o - 2 potions of curing {unknown}
 q - a potion of brilliance {unknown}
 r - a potion of attraction {unknown}
 s - a potion of lignification {unknown}
 u - a potion of heal wounds


   Skills:
 - Level 0.8 Fighting
 - Level 1.3 Ranged Weapons
 - Level 1.3 Dodging
 + Level 3.0 Spellcasting
 + Level 4.2 Hexes
 - Level 0.8 Fire Magic


You had 8 spell levels left.
You knew the following spells:

 Your Spells              Type           Power      Damage    Failure   Level
a - Jinxbite              Hex            28%        N/A       5%          2

Your spell library contained the following spells:

 Spells                   Type           Power      Damage    Failure   Level
 Sigil of Binding         Hex            14%        N/A       11%         3
 Inner Flame              Hex/Fire       9%         N/A       22%         3
 Cause Fear               Hex            7%         N/A       36%         4
 Dimensional Bullseye     Hex/Tloc       4%         N/A       65%         4
 Ignite Poison            Fire/Alch      3%         N/A       87%         4
 Sticky Flame             Fire/Alch      3%         2d4       87%         4
 Yara's Violent Unravell  Hex/Alch       4%         3d4       94%         5
 Enfeeble                 Hex            7%         N/A       100%        7
 Ignition                 Fire           2%         3d3       100%        8


Dungeon Overview and Level Annotations

Branches:
Dungeon (4/15)
 Temple: D:4-7

Altars:
Makhleb

Annotations:
D:3 1 runed translucent door, Crazy Yiuf


Innate Abilities, Weirdness & Mutations

Armour fits poorly on your strangely shaped body.
You have extremely tough skin. (AC +3)
You have a long armoured tail.
You regenerate magic when rolling toward enemies. (Rampage MPRegen)


Message History

The sleepcap is lightly damaged.
The sleepcap closely misses you.
You shoot a sling bullet.
The sling bullet hits the sleepcap but does no damage.
The sleepcap is lightly damaged.
The sleepcap releases spores at you!
You are engulfed in a cloud of soporific spores!
You fall asleep.
The sleepcap releases spores at you!
You wake up.
The sleepcap attacks as it pursues you! The sleepcap releases spores at you.
You shoot a sling bullet.
The sling bullet hits the sleepcap but does no damage.
The sleepcap is lightly damaged.
The sleepcap releases spores at you.
* * * LOW HITPOINT WARNING * * *
You are engulfed in a cloud of soporific spores!
You are unaffected.
The sleepcap releases spores at you.
* * * LOW HITPOINT WARNING * * *
You are engulfed in a cloud of soporific spores!
You are unaffected.
You shoot a sling bullet. The sling bullet hits the sleepcap.
The sleepcap is moderately damaged.
The sleepcap barely misses you.
You shoot a sling bullet. The sling bullet hits the sleepcap.
The sleepcap is moderately damaged.
The sleepcap barely misses you.
You shoot a sling bullet. The sling bullet hits the sleepcap.
The sleepcap is heavily damaged.
The sleepcap releases spores at you.
* * * LOW HITPOINT WARNING * * *
The sleepcap releases spores at you but does no damage.
You shoot a sling bullet. The sling bullet hits the sleepcap.
The sleepcap is heavily damaged.
The sleepcap releases spores at you.
* * * LOW HITPOINT WARNING * * *
You shoot a sling bullet.
The sling bullet hits the sleepcap but does no damage.
The sleepcap is heavily damaged.
The sleepcap releases spores at you.
You die...

.. ... #.# #.#
.... ... ##
#.# #.# ##
......>....#
#.#.#.#.#.##
.......B...#
#.# #f#
#.###@#
#.....#
#.##### #.#
######## #.#
.......#####.#
.............#
........######
........##


You could see a sleepcap and a giant cockroach.

Vanquished Creatures
  A hound (D:3)
  Ijyb (D:3)
  4 adders
  3 dart slugs
  4 orcs (D:3)
  8 ball pythons
  8 endoplasms
  3 giant cockroaches
  4 hobgoblins
  4 jackals (D:1)
  A quokka (D:3)
  4 bats
  A frilled lizard (D:2)
  A goblin (D:1)
  6 kobolds
  A rat (D:3)
54 creatures vanquished.

Notes
Turn   | Place    | Note
-------+----------+-------------------------------------------
     0 | D:1      | stipulation the Armataur Hexslinger began the quest for the
                  | Orb.
     0 | D:1      | Reached XP level 1. HP: 15/15 MP: 2/2
    55 | D:1      | Reached skill level 3 in Hexes
    69 | D:1      | Reached XP level 2. HP: 22/22 MP: 4/4
   834 | D:2      | Found a faded altar of an unknown god.
   845 | D:2      | Reached XP level 3. HP: 21/27 MP: 4/6
  1144 | D:2      | Learned a level 2 spell: Jinxbite
  1214 | D:3      | Reached XP level 4. HP: 30/34 MP: 7/7
  1600 | D:3      | Noticed Ijyb
  1610 | D:3      | Killed Ijyb
  1611 | D:3      | Reached skill level 4 in Hexes
  1660 | D:3      | Reached XP level 5. HP: 32/39 MP: 7/9
  1779 | D:3      | Found a runed translucent door.
  1780 | D:3      | Noticed Crazy Yiuf
  1847 | D:3      | Found a burning altar of Makhleb.
  2206 | D:4      | Slain by a sleepcap

Illustrated notes

Levels and vault maps discovered:
D:1:      wander_arrival_peaceful_grave, layout_basic, kennysheep_nondescript
D:2:      layout_loops_cross, chequers_ecumenical_altar_simple
D:3:      layout_loops_ring, mainiacjoe_overflow_surrounded_room, uniq_ijyb,
          uniq_crazy_yiuf_cottage
D:4:      layout_basic, serial_shops, shop, shop, shop, nicolae_take_the_stairs,
          st_stairs_11

Skill      XL: |  1  2  3  4  5 |
---------------+----------------+-----
Hexes          | 3 4 |  4.2
Spellcasting   | 2 3 |  3.0
Fighting       | |  0.8
Ranged Weapons | |  1.3
Dodging        | |  1.3
Fire Magic     | |  0.8

Action                     |  1- 3 |  4- 6 || total
---------------------------+-------+-------++-------
   Fire: Sling             |   100 |   112 ||   212
   Cast: Jinxbite          |     1 |     5 ||     6
    Use: Potion            |       |     2 ||     2
 Armour: Robe              |    48 |    58 ||   106
  Dodge: Dodged            |    41 |    39 ||    80
